 Dungeon Crawl Stone Soup version 0.29.1-2-gbd0b4ee654 (webtiles) character file.

Game seed: 9901767957307953720

5414 styxcanada the Covert (level 10, -23/51 HPs)
             Began as a Spriggan Brigand on Nov 9, 2022.
             Was an Initiate of Gozag.
             Killed by the air
             ... invoked by Gastronok
              (43 damage)
             ... on level 8 of the Dungeon.
             The game lasted 00:48:11 (10979 turns).

styxcanada the Covert (Spriggan Brigand)           Turns: 10979, Time: 00:48:13

Health: -23/51     AC:  8    Str:  7    XL:     10   Next: 40%
Magic:  18/20      EV: 22    Int: 14    God:    Gozag
Gold:   554        SH:  0    Dex: 20    Spells: 16/21 levels left

rFire   . . .      SeeInvis +   H - +10 quick blade "Hydraslayer" {vamp, Will+}
rCold   . . .      Faith    .   (no shield)
rNeg    . . .      Spirit   .   B - +0 steam dragon scales
rPois   .          Reflect  .   (helmet restricted)
rElec   .          Harm     .   f - +2 cloak
rCorr   .          Rampage  .   (gloves unavailable)
Will    ++...                   (boots unavailable)
Stlth   ++++++....              (no amulet)
HPRegen 0.17/turn               (no ring)
MPRegen 0.17/turn               (no ring)

@: very quick
A: very small, no large weapons, unfitting armour, see invisible, speed 3
a: Renounce Religion, Potion Petition, Call Merchant, Bribe Branch


You were on level 8 of the Dungeon.
You worshipped Gozag.
Gozag was pleased with you.
You visited 2 branches of the dungeon, and saw 9 of its levels.
You also visited: Bailey.

You collected 963 gold pieces.
You spent 319 gold pieces at shops.
You paid 90 gold pieces to Gozag.

Inventory:

Hand Weapons
 a - a +3 dagger
 j - a +2 dagger of venom
 k - a +1 sling of flaming
 H - the +10 quick blade "Hydraslayer" (weapon) {vamp, Will+}
   (You acquired it on level 7 of the Dungeon)

   It occasionally heals its wielder for a portion of the damage dealt when it
   wounds a living foe.
   Will:      It increases your willpower.
Missiles
 e - a curare-tipped dart
 g - 27 poisoned darts (quivered)
 p - 32 stones
 u - 2 silver boomerangs
 w - 22 boomerangs
Armour
 f - a +2 cloak (worn)
 B - +0 steam dragon scales (worn)
Magical Staves
 c - a staff of air
Wands
 h - a wand of mindburst (10)
 y - a wand of flame (5)
 C - a wand of polymorph (7)
 E - a wand of charming (4)
Scrolls
 s - 2 scrolls of immolation
 v - 2 scrolls of teleportation
 D - 2 scrolls of blinking
 F - a scroll of magic mapping
Potions
 b - a potion of might
 d - a potion of curing
 i - a potion of ambrosia
 l - 2 potions of heal wounds
 m - 2 potions of cancellation
 n - a potion of brilliance {unknown}
 o - 4 potions of flight {unknown}
 q - 4 potions of mutation {unknown}
 r - 3 potions of resistance {unknown}
 t - 2 potions of berserk rage {unknown}
 x - 2 potions of attraction {unknown}
 z - 2 potions of degeneration {unknown}
 A - 3 potions of lignification {unknown}
Miscellaneous
 I - a condenser vane (inert)


   Skills:
 + Level 4.6 Fighting
 + Level 5.8 Short Blades
 + Level 3.0 Ranged Weapons
 + Level 3.8 Throwing
 * Level 7.4 Dodging
 * Level 13.4 Stealth
 * Level 6.0 Spellcasting
 * Level 0.8 Hexes
 * Level 3.7 Summonings
 * Level 0.4 Ice Magic
 * Level 5.8 Evocations


You had 16 spell levels left.
You knew the following spells:

 Your Spells              Type           Power      Damage    Failure   Level
a - Call Canine Familiar  Summ           14%        N/A       11%         3
b - Ensorcelled Hibernat  Hex/Ice        12%        N/A       19%         2

Your spell library contained the following spells:

 Spells                   Type           Power      Damage    Failure   Level
 Passwall                 Tmut/Erth      3%         N/A       24%         2
 Portal Projectile        Hex/Tloc       10%        N/A       36%         3
 Swiftness                Air            4%         N/A       43%         3
 Leda's Liquefaction      Hex/Erth       2%         N/A       78%         4
 Olgreb's Toxic Radiance  Pois           4%         N/A       83%         4
 Ozocubu's Refrigeration  Ice            2%         4d8       100%        7
 Ignition                 Fire           2%         3d3       100%        8


Dungeon Overview and Level Annotations

Branches:
Dungeon (8/15)             Temple (1/1) D:6          Bailey (visited)
   Lair: D:8-11

Altars:
Ashenzari
Cheibriados
Dithmenos
Elyvilon
Fedhas
Gozag
Hepliaklqana
Kikubaaqudgha
Makhleb
Nemelex Xobeh
Qazlal
Ru
Sif Muna
Trog
Uskayaw
Vehumet
Wu Jian
Xom
Yredelemnul
Zin
Jiyva

Shops:
D:2 *   D:5 **   D:8 :

Annotations:
D:8 Gastronok


Innate Abilities, Weirdness & Mutations

You are very small and have problems with some larger weapons.
You are too small for most types of armour.
You have supernaturally acute eyesight. (SInv)
You cover ground extremely quickly. (Speed+++)


Message History

The poisoned dart completely misses Gastronok.
Gastronok's eyestalks quiver as he mumbles some strange words.
Gastronok puts on a burst of speed!
Your hound bites Gastronok.
Your hound bites Gastronok.
Gastronok barely misses your hound.
Your hound bites Gastronok.
Your hound bites Gastronok.
Your hound bites Gastronok.
Gastronok bubbles merrily.
Your hound bites Gastronok.
Your hound bites Gastronok but does no damage.
Throw: 30 darts (poison)
Press: ? - help, Q - select action, (/) - cycle Shift-Dir - straight line, f/p - Gastronok
Aim: Gastronok, wearing a +1 hat (severely wounded, covering ground quickly, not watching you, ally target, 94% to hit)
You throw a poisoned dart. The poisoned dart hits Gastronok!
Gastronok is poisoned.
Gastronok is severely wounded.
Your hound bites Gastronok.
Gastronok waves his eye-stalks in wide circles.
The air twists around and strikes your hound!!
Your hound dies!
Your hound's corpse disappears in a puff of smoke!
Throw: 29 darts (poison)
Press: ? - help, Q - select action, (/) - cycle Shift-Dir - straight line, f/p - Gastronok
Aim: Gastronok, wearing a +1 hat (severely wounded, covering ground quickly, unaware, very poisoned, hasn't noticed you, 94% to hit)
You throw a poisoned dart. The poisoned dart hits Gastronok.
Gastronok looks even sicker.
Gastronok gurgles horribly!
Gastronok is severely wounded.
Throw: 28 darts (poison)
Press: ? - help, Q - select action, (/) - cycle Shift-Dir - straight line, f/p - Gastronok
Aim: Gastronok, wearing a +1 hat (severely wounded, covering ground quickly, very poisoned, 94% to hit)
You throw a poisoned dart. The poisoned dart hits Gastronok.
Gastronok looks as sick as possible!
Gastronok is severely wounded.
Gastronok waves his eye-stalks in wide circles.
The air twists around and strikes you!!!
Ouch! That really hurt!
You die...
Your body crumbles into a pile of gold.

#'###########
...##########
....##.)...##
....##)....##
....'))._..##
##..##)....#########
#..##.....##......#
#..#########......#
#..#########.b.@..#
#.....#...........#
#####'#...(.w§....#######
##.....).##########......#
.#.......# ##......#
.((......# #.....<.#
.#.......# #.......#
.#.......# #.......#
.#.......# #..._...#


You could see Gastronok (swift, extremely poisoned) and a bat (summoned).

Vanquished Creatures
  Joseph (D:8)
  Maggie (D:6)
  Psyche (D:8)
  Sigmund (D:3)
  3 yaks (D:7)
  A steam dragon (D:7)
  Edmund (D:4)
  3 water moccasins
  2 sky beasts
  4 orc warriors
  An ice beast (D:7)
  A black bear (D:5)
  An ogre (D:5)
  A centaur (D:8)
  A phantom (D:4)
  Blork the orc (D:4)
  3 kobold brigands
  A necrophage (D:6)
  2 scorpions (D:5)
  11 wights
  6 killer bees (D:7)
  A howler monkey (D:7)
  An orc priest (D:4)
  7 hounds
  5 jellies
  A gnoll bouda (D:5)
  Jessica (D:3)
  Natasha (thrice) (D:3)
  2 iguanas
  11 gnolls
  7 adders
  A white imp (D:7)
  4 ufetubi
  3 worms (D:3)
  5 dart slugs
  23 orcs
  4 bats
  12 endoplasms
  4 giant cockroaches
  9 goblins
  7 hobgoblins
  4 jackals (D:3)
  28 kobolds
  6 quokkas
  7 ball pythons
  A frilled lizard (D:3)
  4 rats
208 creatures vanquished.

Vanquished Creatures (collateral kills)
  A water moccasin (D:7)
  2 jellies (D:8)
3 creatures vanquished.

Vanquished Creatures (others)
  A bullfrog (D:7)
1 creature vanquished.

Grand Total: 212 creatures vanquished

Notes
Turn   | Place    | Note
-------+----------+-------------------------------------------
     0 | D:1      | styxcanada the Spriggan Brigand began the quest for the
                  | Orb.
     0 | D:1      | Reached XP level 1. HP: 10/10 MP: 2/2
    14 | D:1      | Reached skill level 6 in Stealth
    62 | D:1      | Reached XP level 2. HP: 12/15 MP: 3/3
   422 | D:1      | Found a faded altar of an unknown god.
   528 | D:1      | Reached skill level 7 in Stealth
   728 | D:1      | Reached XP level 3. HP: 18/18 MP: 4/4
  1021 | D:2      | Found Qemoh's Assorted Antiques.
  1028 | D:2      | Bought an orange potion for 18 gold pieces
  1028 | D:2      | Bought a scroll labelled MUOMPE CASE for 21 gold pieces
  1040 | D:2      | Found a glowing silver altar of Zin.
  1433 | D:2      | Reached XP level 4. HP: 9/23 MP: 5/5
  2008 | D:3      | Noticed Natasha
  2018 | D:3      | Killed Natasha
  2019 | D:3      | Reached skill level 8 in Stealth
  2118 | D:3      | Noticed Natasha
  2134 | D:3      | Killed Natasha
  2135 | D:3      | Reached XP level 5. HP: 22/26 MP: 6/6
  2290 | D:3      | Noticed Natasha
  2317 | D:3      | Killed Natasha
  2581 | D:3      | Noticed Sigmund
  2628 | D:3      | Killed Sigmund
  2629 | D:3      | Reached skill level 1 in Spellcasting
  2629 | D:3      | Reached XP level 6. HP: 31/32 MP: 6/8
  2868 | D:3      | Noticed Jessica
  2878 | D:3      | Killed Jessica
  2879 | D:3      | Reached skill level 9 in Stealth
  3023 | D:3      | Learned a level 3 spell: Call Canine Familiar
  3276 | D:4      | Noticed Blork the orc
  3303 | D:4      | Killed Blork the orc
  3664 | D:4      | Reached XP level 7. HP: 35/35 MP: 10/10
  3787 | D:4      | Noticed Edmund
  3821 | D:4      | Killed Edmund
  3822 | D:4      | Reached skill level 1 in Summonings
  3822 | D:4      | Reached skill level 1 in Evocations
  4250 | D:4      | Reached skill level 10 in Stealth
  4543 | D:5      | Entered Level 5 of the Dungeon
  4547 | D:5      | Reached skill level 1 in Ranged Weapons
  4602 | D:5      | Reached XP level 8. HP: 31/40 MP: 12/12
  4835 | D:5      | HP: 2/40 [poisoned by a water moccasin]
  5483 | D:5      | Found Deerotau's Specific Store.
  5485 | D:5      | Found Hink's General Store.
  6663 | D:6      | Found a staircase to the Ecumenical Temple.
  6664 | D:6      | Noticed Maggie
  6669 | Temple   | Entered the Ecumenical Temple
  6925 | Temple   | Became a worshipper of Gozag Ym Sagoz the Greedy
  6966 | D:6      | Killed Maggie
  6967 | D:6      | Reached skill level 5 in Dodging
  6967 | D:6      | Reached skill level 11 in Stealth
  7026 | D:6      | Reached XP level 9. HP: 33/45 MP: 16/16
  7233 | D:6      | Found an ancient bone altar of Kikubaaqudgha.
  7243 | D:6      | Reached skill level 5 in Short Blades
  7803 | D:7      | Reached skill level 12 in Stealth
  8094 | D:7      | Found a flagged portal.
  8107 | Bailey   | Entered a bailey
  8169 | Bailey   | Noticed an orc warlord
  8315 | Bailey   | Found a runed translucent gate.
  8316 | Bailey   | Found a runed translucent gate.
  8317 | Bailey   | Found a runed translucent gate.
  8692 | Bailey   | Reached skill level 5 in Spellcasting
  9518 | D:7      | Acquired the +10 quick blade "Hydraslayer" {vamp, Will+}
  9591 | D:7      | Reached skill level 5 in Evocations
 10209 | D:7      | Reached XP level 10. HP: 50/51 MP: 19/19
 10310 | D:7      | Reached skill level 13 in Stealth
 10465 | D:8      | Noticed Psyche
 10483 | D:8      | Killed Psyche
 10603 | D:8      | Found Gaukki Vick's Book Shoppe.
 10608 | D:8      | Bought a book of Burglary for 280 gold pieces
 10611 | D:8      | Learned a level 2 spell: Ensorcelled Hibernation
 10739 | D:8      | Found a hide-covered altar of Uskayaw.
 10797 | D:8      | Noticed Joseph
 10809 | D:8      | Killed Joseph
 10826 | D:8      | Found a viscous altar of Jiyva.
 10928 | D:8      | Noticed Gastronok
 10979 | D:8      | Killed from afar by Gastronok

Illustrated notes

Levels and vault maps discovered:
D:1:      dpeg_arrival_connections, layout_basic,
          shapermc_ecumenical_altar_mp_ritualfount
D:2:      layout_basic, serial_shops, shop, basic_altar
D:3:      layout_rooms, uniq_natasha, uniq_jessica, uniq_sigmund
D:4:      minmay_diamond_boxcup, layout_basic, hangedman_minor_gate_pass,
          uniq_edmund, uniq_blork_the_orc
D:5:      layout_basic, nicolae_specific_store, grunt_ministairs_1
D:6:      layout_basic, nicolae_overflow_crystal_walls, temple_green,
          uniq_maggie
D:7:      layout_cave_pools, enter_bailey_2
D:8:      layout_gridville, nicolae_uskayaw_dance_studio,
          erik_lair_orcish_takeover, serial_shops, shop, nicolae_square_shop,
          nicolae_shop_trees, nicolae_shop_hallway_plus, kennysheep_little_box,
          jiyva_altar_1, uniq_joseph, uniq_psyche, uniq_gastronok
Temple:   mainiacjoe_temple_big_plus

Skill      XL: |  1  2  3  4  5  6  7  8  9 10 |
---------------+-------------------------------+-----
Stealth        | 6 7 8 9 10 11 12 13 | 13.4
Fighting       | 2 3 4 |  4.6
Dodging        | 2 3 4 5 7 |  7.4
Short Blades   | 3 4 5 |  5.8
Throwing       | 3 |  3.8
Spellcasting   | 1 2 4 5 6 |  6.0
Summonings     | 1 2 3 |  3.7
Evocations     | 1 3 5 |  5.8
Ranged Weapons | 1 2 3 |  3.0
Hexes          | |  0.8
Ice Magic      | |  0.4

Action                   |  1- 3 |  4- 6 |  7- 9 | 10-12 || total
-------------------------+-------+-------+-------+-------++-------
Melee: Dagger            |    59 |   104 |   339 |       ||   502
       Punch             |       |     1 |     6 |     1 ||     8
       Quick blade       |       |       |    25 |    96 ||   121
 Fire: Sling             |     2 |    20 |    53 |    16 ||    91
Throw: Dart              |    16 |    40 |    17 |     9 ||    82
       Stone             |       |     5 |     1 |       ||     6
 Cast: Call Canine Famil |       |       |     5 |     6 ||    11
Evoke: Wand              |       |       |    32 |       ||    32
       Condenser vane    |       |       |     1 |       ||     1
  Use: Scroll            |       |     9 |    12 |       ||    21
       Potion            |       |       |     5 |       ||     5
 Stab: Sleeping          |    10 |     9 |    19 |     4 ||    42
       Distracted        |       |     1 |     6 |     1 ||     8
       Invisible         |       |       |     5 |       ||     5
Armor: Robe              |     6 |    11 |    20 |       ||    37
       Steam dragon scal |       |       |    31 |     5 ||    36
Dodge: Dodged            |    27 |    64 |   327 |    45 ||   463
